 Dungeon Sprint DCSS version 0.30-a0-57-g8b159a9891 (webtiles) character file.

Game seed: 1912311319012478701

3758 Conn the Arsonist (level 10, -9/56 HPs)
             Began as an Octopode Fire Elementalist on Sept 11, 2022.
             Was a High Priest of Sif Muna.
             Mangled by a polar bear (25 damage)
             ... in the Dungeon (Sprint II: "The Violet Keep of Menkaure").
             The game lasted 00:18:05 (1014 turns).

Conn the Arsonist (Octopode Fire Elementalist)      Turns: 1014, Time: 00:18:06

Health: -9/56      AC:  1    Str:  7    XL:     10   Next: 15%
Magic:  1/24       EV: 19    Int: 23    God:    Sif Muna [*****.]
Gold:   567        SH:  0    Dex: 12    Spells: 5/29 levels left

rFire   . . .      SeeInvis .    g - +1 dagger of Gloom {drain, *Rage +Blink Fly rPois}
rCold   . . .      Faith    .    (no shield)
rNeg    . . .      Spirit   .    (helmet restricted)
rPois   +          Reflect  .    (no amulet)
rElec   .          Harm     .    r - +4 ring of evasion
rCorr   .          Rampage  .    (no ring)
Will    .....      Rage     20%  (no ring)
Stlth   +++++..... NoTele   +    (no ring)
HPRegen 0.18/turn                (no ring)
MPRegen 0.19/turn                (no ring)
                                 (no ring)
                                 (no ring)

@: flying
A: almost no armour, amphibious, 8 rings, camouflage 1, gelatinous body 1,
nimble swimmer 1, tentacles, MP-powered wands
a: Renounce Religion, Evoke Blink, Channel Magic, Forget Spell, Divine Exegesis


You were in the Dungeon.
You worshipped Sif Muna.
Sif Muna was extremely pleased with you.
You visited 1 branch You collected 1082 gold pieces.
You spent 515 gold pieces at shops.

Inventory:

Hand Weapons
 g - the +1 dagger of Gloom (weapon) {drain, *Rage +Blink Fly rPois}
   (You bought it in a shop in the Dungeon)

   A truly terrible weapon, it drains the life of any living foe it strikes.
   rPois:     It protects you from poison.
   Fly:       It grants you flight.
   +Blink:    It lets you blink.
   *Rage:     It berserks you when you make melee attacks (+20% chance).
 v - a +0 short sword
Missiles
 l - 4 curare-tipped darts (quivered)
Jewellery
 r - a +4 ring of evasion (left tentacle)
Scrolls
 f - a scroll of blinking
 i - a scroll of enchant armour
 n - a scroll of immolation
 o - a scroll of butterflies
 p - a scroll of enchant weapon
 t - a scroll of amnesia
Potions
 a - 7 potions of magic
 b - 4 potions of curing
 c - a potion of heal wounds
 d - 3 potions of flight
 e - a potion of resistance
 h - a potion of lignification
 j - a potion of brilliance
 k - a potion of mutation
 q - a potion of might {unknown}
 s - a potion of cancellation {unknown}
 u - a potion of degeneration {unknown}


   Skills:
 + Level 2.7 Short Blades
 + Level 1.4 Throwing
 + Level 7.0 Dodging
 - Level 7.4 Stealth
 + Level 10.3 Spellcasting
 + Level 9.8 Conjurations
 + Level 1.8 Hexes
 + Level 13.9 Fire Magic
 * Level 1.5 Ice Magic
 + Level 5.7 Air Magic
 + Level 2.2 Poison Magic
 * Level 4.1 Invocations
 * Level 1.7 Evocations


You had 5 spell levels left.
You knew the following spells:

 Your Spells              Type           Power      Damage    Failure   Level
a - Foxfire               Conj/Fire      100%       2x1d9     1%          1
b - Conjure Flame         Conj/Fire      61%        6-21      1%          3
c - Inner Flame           Hex/Fire       48%        N/A       1%          3
d - Flame Wave            Conj/Fire      61%        2d14      1%          4
e - Scorch                Fire           100%       2d10      1%          2
f - Mephitic Cloud        Conj/Pois/Air  39%        N/A       1%          3
g - Ignite Poison         Fire/Tmut/Pois 36%        N/A       1%          3
h - Freezing Cloud        Conj/Ice/Air   19%        6-21      14%         5

Your spell library contained the following spells:

 Spells                   Type           Power      Damage    Failure   Level


Dungeon Overview and Level Annotations

Branches:
Dungeon (1/1)

Altars:
Cheibriados
Dithmenos
Elyvilon
Fedhas
Gozag
Hepliaklqana
Kikubaaqudgha
Makhleb
Nemelex Xobeh
Okawaru
Qazlal
Ru
Sif Muna
Trog
Uskayaw
Vehumet
Wu Jian
Xom
Yredelemnul
Zin
The Shining One
Jiyva
Lugonu

Shops:
D :=:==?(![!(![![

Annotations:
D exclusion: oklob plant


Innate Abilities, Weirdness & Mutations

You cannot wear most types of armour.
You are amphibious.
You can wear up to eight rings at the same time.
Your skin changes colour to match your surroundings (Stealth+).
Your rubbery body absorbs attacks. (AC +1, EV +1)
You are camouflaged when in or above water. (Stealth+)
You have tentacles for arms and can constrict up to eight enemies at once.
You expend magic power (3 MP) to strengthen your wands.


Message History

Your Invocations skill increases to level 4!
Casting: Scorch (safe; 1% risk of failure)
Confirm with . or Enter, or press ? or * to list all spells.
You don't have enough magic to cast this spell.
Casting: Scorch (safe; 1% risk of failure)
Confirm with . or Enter, or press ? or * to list all spells.
You don't have enough magic to cast this spell.
Unknown command.
Casting: Scorch (safe; 1% risk of failure)
Confirm with . or Enter, or press ? or * to list all spells.
You don't have enough magic to cast this spell.
Unknown command.
You are engulfed in a cloud of scalding steam.
You are engulfed in a cloud of scalding steam.
The polar bear is engulfed in a cloud of scalding steam.
The polar bear is engulfed in a cloud of scalding steam.
Casting: Scorch (safe; 1% risk of failure)
Confirm with . or Enter, or press ? or * to list all spells.
The fire begins to smoulder!
The fire ignites!
The polar bear is engulfed in blazing flames.
The polar bear barely misses you. The polar bear claws you. x2
You hit the polar bear but do no damage.
The polar bear is heavily wounded.
The polar bear is engulfed in blazing flames.
The polar bear goes berserk!
You hit the polar bear but do no damage.
Your squeeze misses the polar bear.
The polar bear is severely wounded.
The polar bear is engulfed in blazing flames.
The polar bear barely misses you. x2; The polar bear completely misses you.
You hit the polar bear.
The polar bear is severely wounded.
The polar bear is engulfed in blazing flames.
The polar bear bites you!! The polar bear claws you.
* * * LOW HITPOINT WARNING * * *
The polar bear closely misses you.
The polar bear is engulfed in blazing flames.
The polar bear bites you!!
You die...

##..∩.∩...#~##..##.###..#..#,,#..
##...⌠....'~'##.'.<.'.##'..####..
##........#~#.#.##.###..#....###.
#▓▓▓▓▓▓▓###~##.###'###.##..§...†~
##)Zh######~~####...####~~....§~#
#(.h#D.+,##~~~#.)#..#~~~~§§§..~#
#∩P)+$!#+*#'#~##.~.##~~~~~~~~.~#
#?.!#[##.##.#~~##'##~~~≈≈≈~~~§~#
#$$.###°.°####~@h~~~)~§~≈§§≈~~~#
##+###....,*,#+++#+++#~≈≈≈§≈≈≈§#
*,,,**,,,,,**#§§††≈≈≈##≈≈≈###≈§#
**+***,,,,,*#§≈≈≈§≈§≈§##≈≈#,#≈≈#
*,,,*+,,,,,+≈§≈≈§≈≈§≈≈§+≈§#+#§≈#
**+***,,,,,##≈≈≈§≈≈§≈§##≈§≈≈§≈≈#
*,,,**,,,,,*##≈≈§§≈§≈###########
**+***,,,,,*∩####+####~~~,~~.###
*,,,***,,,**,,^^*****,,~~~,~~,**


You could see a polar bear (berserk).

Vanquished Creatures
  2 boulder beetles (D)
  A merfolk siren (D)
  A yaktaur (D)
  2 polar bears (D)
  A hornet (D)
  4 neqoxecs (D)
  Menkaure (D)
  2 water moccasins (D)
  5 scorpions (D)
  9 electric eels (D)
28 creatures vanquished.

Vanquished Creatures (others)
  35 foxfires (D)
35 creatures vanquished.

Grand Total: 63 creatures vanquished

Notes
Turn   | Place    | Note
-------+----------+-------------------------------------------
     0 | D        | Conn the Octopode Fire Elementalist began the quest for the
                  | Orb.
     0 | D        | Reached XP level 1. HP: 11/11 MP: 3/3
     1 | D        | Noticed a scorpion
     1 | D        | Noticed a scorpion
     5 | D        | Noticed a scorpion
     9 | D        | Killed a scorpion
    10 | D        | Reached skill level 5 in Fire Magic
    10 | D        | Reached XP level 2. HP: 17/17 MP: 0/6
    10 | D        | Reached XP level 3. HP: 21/21 MP: 0/7
    10 | D        | Reached XP level 4. HP: 27/27 MP: 0/9
    12 | D        | Killed a scorpion
    13 | D        | Reached skill level 7 in Fire Magic
    13 | D        | Reached XP level 5. HP: 31/31 MP: 0/11
    15 | D        | Reached skill level 8 in Fire Magic
    25 | D        | Reached skill level 5 in Stealth
    25 | D        | Reached skill level 5 in Conjurations
    25 | D        | Reached XP level 6. HP: 28/36 MP: 0/13
    36 | D        | Learned a level 2 spell: Scorch
    40 | D        | Learned a level 3 spell: Conjure Flame
    44 | D        | Learned a level 3 spell: Inner Flame
    49 | D        | Learned a level 4 spell: Flame Wave
    58 | D        | Found a glowing golden altar of the Shining One.
    58 | D        | Found an ornate altar of the Wu Jian Council.
    58 | D        | Noticed Menkaure
    59 | D        | Found a shimmering altar of Xom.
    59 | D        | Found a sacrificial altar of Ru.
    61 | D        | Killed Menkaure
    62 | D        | Reached skill level 5 in Spellcasting
    62 | D        | Reached skill level 9 in Fire Magic
    63 | D        | Found a basalt altar of Yredelemnul.
    63 | D        | Found a shimmering blue altar of Sif Muna.
    64 | D        | Found a glowing silver altar of Zin.
    64 | D        | Found a bloodstained altar of Trog.
    64 | D        | Found an ancient bone altar of Kikubaaqudgha.
    64 | D        | Found a stormy altar of Qazlal.
    64 | D        | Found a viscous altar of Jiyva.
    65 | D        | Found a hide-covered altar of Uskayaw.
    65 | D        | Found a corrupted altar of Lugonu.
    65 | D        | Found a shadowy altar of Dithmenos.
    66 | D        | Found a radiant altar of Vehumet.
    66 | D        | Found a burning altar of Makhleb.
    66 | D        | Found a white marble altar of Elyvilon.
    67 | D        | Found a sparkling altar of Nemelex Xobeh.
    67 | D        | Found a blossoming altar of Fedhas.
    68 | D        | Found an iron altar of Okawaru.
    68 | D        | Found an opulent altar of Gozag.
    68 | D        | Found a hazy altar of Hepliaklqana.
    68 | D        | Found a snail-covered altar of Cheibriados.
    73 | D        | Became a worshipper of Sif Muna the Loreminder
    80 | D        | Noticed a water moccasin
    81 | D        | Noticed a water moccasin
    85 | D        | Noticed a kraken
   210 | D        | Gained mutation: You expend magic power (3 MP) to
                  | strengthen your wands. [potion of mutation]
   225 | D        | Noticed a water moccasin
   232 | D        | Noticed a yaktaur
   232 | D        | Noticed a hornet
   232 | D        | Noticed a polar bear
   236 | D        | Noticed a water moccasin
   239 | D        | Killed a water moccasin
   251 | D        | Noticed a polar bear
   252 | D        | Noticed a polar bear
   265 | D        | Noticed a merfolk siren
   270 | D        | Killed a yaktaur
   270 | D        | Killed a polar bear
   270 | D        | Reached * piety under Sif Muna
   271 | D        | Reached skill level 5 in Dodging
   271 | D        | Reached skill level 11 in Fire Magic
   271 | D        | Reached XP level 7. HP: 38/41 MP: 3/17
   304 | D        | Found Vyvon's Distillery.
   304 | D        | Found Usod Eciatt's Antique Armour Shoppe.
   309 | D        | Reached XP level 8. HP: 30/46 MP: 7/18
   313 | D        | Found Cuttepyb's Distillery.
   313 | D        | Found Fauzatz's Antique Armour Emporium.
   315 | D        | Found Xoyczain's Antique Weapon Shoppe.
   315 | D        | Found Hackuos's Magic Scroll Emporium.
   315 | D        | Found Diavampi's Antique Armour Emporium.
   315 | D        | Found Focvah's Antique Weapon Shoppe.
   316 | D        | Found Suqun's Distillery.
   316 | D        | Noticed a polar bear
   317 | D        | Found Xasehuur's Distillery.
   322 | D        | Noticed a polar bear
   322 | D        | Found Gisity's Jewellery Emporium.
   322 | D        | Found Dystulau's Jewellery Shoppe.
   322 | D        | Noticed an oklob plant
   331 | D        | Found Zionuxis's Jewellery Shoppe.
   331 | D        | Found Cuywaw's Book Shoppe.
   331 | D        | Found Jupesoog's Book Emporium.
   351 | D        | Bought a Trismegistus Codex for 308 gold pieces
   357 | D        | Bought a potion of lignification for 39 gold pieces
   374 | D        | Learned a level 3 spell: Mephitic Cloud
   378 | D        | Learned a level 3 spell: Ignite Poison
   383 | D        | Reached ** piety under Sif Muna
   384 | D        | Reached skill level 12 in Fire Magic
   384 | D        | Reached skill level 1 in Air Magic
   393 | D        | HP: 1/69 [neqoxec (12)]
   411 | D        | Noticed an ice dragon
   703 | D        | Noticed a boulder beetle
   703 | D        | Noticed a boulder beetle
   714 | D        | Killed a merfolk siren
   714 | D        | Reached *** piety under Sif Muna
   715 | D        | Reached skill level 1 in Short Blades
   715 | D        | Reached skill level 13 in Fire Magic
   715 | D        | Reached XP level 9. HP: 35/51 MP: 14/21
   777 | D        | Killed a boulder beetle
   778 | D        | Reached skill level 1 in Hexes
   778 | D        | Reached skill level 5 in Air Magic
   778 | D        | Reached skill level 1 in Poison Magic
   814 | D        | Killed a boulder beetle
   815 | D        | Reached skill level 1 in Throwing
   864 | D        | Bought a glimmering dagger for 168 gold pieces
   864 | D        | Identified the +1 dagger of Gloom {drain, *Rage +Blink Fly
                  | rPois} (You bought it in a shop in the Dungeon)
   906 | D        | Reached **** piety under Sif Muna
   914 | D        | Reached skill level 10 in Spellcasting
   917 | D        | Reached ***** piety under Sif Muna
   926 | D        | Reached XP level 10. HP: 47/56 MP: 0/24
   974 | D        | Learned a level 5 spell: Freezing Cloud
   988 | D        | Reached skill level 1 in Evocations
   992 | D        | Reached skill level 1 in Ice Magic
  1014 | D        | Mangled by a polar bear

Illustrated notes

Levels and vault maps discovered:
D:        the_violet_keep_of_menkaure [sprint2_stairs_cluster_1,
          sprint2_shoproom, sprint2_temple, sprint2_basic_supplies,
          sprint2_obstacle_7, sprint2_obstacle_6, sprint2_obstacle_1,
          sprint2_obstacle_3, sprint2_obstacle_2, sprint2_timed_cluster_1,
          sprint2_smallroom_cluster_1, sprint2_smallroom_final_cluster_1,
          sprint2_transparent_cluster_1, sprint2_second_timed_cluster_1,
          sprint2_sniper_area_1, sprint2_heavy_combat_area_1,
          sprint2_mutation_trap_area_1, sprint2_forest_area_1,
          sprint2_light_combat_area_1, sprint2_behind_water_1,
          sprint2_near_end_vault_1]

Skill      XL: |  1  2  3  4  5  6  7  8  9 10 |
---------------+-------------------------------+-----
Dodging        | 3 4 5 6 7 |  7.0
Stealth        | 3 4 5 7 |  7.4
Spellcasting   | 3 4 6 7 8 10 | 10.3
Conjurations   | 3 4 5 7 8 9 |  9.8
Fire Magic     | 5 7 8 11 13 | 13.9
Air Magic      | 4 5 |  5.7
Short Blades   | 1 2 |  2.7
Hexes          | 1 |  1.8
Poison Magic   | 2 |  2.2
Throwing       | 1 |  1.4
Invocations    | 3 4 |  4.1
Evocations     | 1 |  1.7
Ice Magic      | 1 |  1.5

Action                   |  1- 3 |  4- 6 |  7- 9 | 10-12 || total
-------------------------+-------+-------+-------+-------++-------
Melee: Unarmed           |     2 |     9 |       |       ||    11
       Tentacles         |     1 |     5 |     5 |       ||    11
       Constrict         |     1 |     2 |     5 |       ||     8
       Short sword       |       |       |    11 |       ||    11
       Dagger            |       |       |       |     3 ||     3
Throw: Dart              |       |       |     4 |       ||     4
 Cast: Foxfire           |     3 |    10 |     9 |     2 ||    24
       Scorch            |       |     4 |     9 |     4 ||    17
       Inner Flame       |       |     1 |     3 |     1 ||     5
       Conjure Flame     |       |     1 |       |     1 ||     2
       Flame Wave        |       |       |     3 |       ||     3
       Mephitic Cloud    |       |       |     7 |       ||     7
       Ignite Poison     |       |       |     1 |       ||     1
  Use: Potion            |     2 |     4 |     3 |       ||     9
       Scroll            |       |     6 |     1 |       ||     7
 Stab: Sleeping          |       |       |     2 |       ||     2
       Confused          |       |       |     1 |       ||     1
Dodge: Dodged            |       |    14 |     5 |     5 ||    24

Table legend: (Time is in decaauts)
 A = Elapsed time spent in this place.
 B = Non-inter-level travel time spent in this place.
 C = Inter-level travel time spent in this place.
 D = Time resting spent in this place.
 E = Time spent auto-exploring this place.
 F = Levels seen in this place.
 G = Mean time per level.
                   A        B        C        D        E       F      G
               +--------+--------+--------+--------+--------+-----+--------+
         Total |   1021 |   1021 |      0 |    290 |      0 |   1 | 1021.0 |
       Dungeon |   1021 |   1021 |      0 |    290 |      0 |   1 | 1021.0 |
               +--------+--------+--------+--------+--------+-----+--------+

Top non-repeatable levels by time:
       D: 1021 daAuts
